 Dungeon Crawl Stone Soup version 0.30-a0-394-g3e4acdb0ae (webtiles) character file.

Game seed: 2094808481077967742

1932780 Monkooky the Crack Shot (level 27, 170/170 HPs)
             Began as a Kobold Hunter on Dec 6, 2022.
             Was the Champion of Cheibriados.
             Escaped with the Orb
             ... and 3 runes on Dec 7, 2022!
             The game lasted 02:37:22 (49547 turns).

Monkooky the Crack Shot (Kobold Hunter)            Turns: 49547, Time: 02:37:23

Health: 170/170    AC: 36    Str: 23    XL:     27
Magic:  43/44      EV: 56    Int: 31    God:    Cheibriados [******]
Gold:   2588       SH:  0    Dex: 47    Spells: 2/43 levels left

rFire   + . .      SeeInvis .    x - +9 triple crossbow (vorpal)
rCold   + + .      Faith    .    (shield currently unavailable)
rNeg    + . .      Spirit   .    N - +5 steam dragon scales
rPois   +          Reflect  .    A - +1 helmet of Ziogem {Regen+}
rElec   .          Harm     .    m - +2 cloak {Will+}
rCorr   +          Rampage  .    g - +5 pair of gloves of Resourcefulness {rC+ Will++ rCorr Dex-2}
Will    +++++                    Q - +2 pair of boots
Stlth   ++++......               V - amulet "Gucasmat" {rF++ Regen+ MP+9 Dex+4}
HPRegen 2.08/turn                M - ring of the Tortoise {AC+8}
MPRegen 0.29/turn                U - ring "Faunkapp" {rPois rF- rC+ rN+ Int+3}

@: studying Staves, very slow
A: small, no large weapons, nightstalker 3
0: Orb of Zot
}: 3/15 runes: serpentine, barnacled, silver
a: Renounce Religion, Bend Time, Temporal Distortion, Slouch, Step From Time


You escaped.
You worshipped Cheibriados.
Cheibriados was exalted by your worship.
You visited 9 branches of the dungeon, and saw 47 of its levels.
You visited 1 bazaar.
You also visited: Ossuary, Gauntlet, Ice Cave and Wizlab.

You collected 9764 gold pieces.
You spent 7176 gold pieces at shops.

Inventory:

Hand Weapons
 l - the +9 heavy crossbow "Sniper" {vorpal, Acc+∞ SInv}
   (You found it on level 3 of the Shoals)

   Any ammunition fired from it inflicts extra damage upon your enemies.
   Any ammunition fired from it never misses its target.
   SInv:      It lets you see invisible.
 x - a +9 vorpal triple crossbow (weapon)
Missiles
 v - 14 throwing nets
Armour
 g - the +5 pair of gloves of Resourcefulness (worn) {rC+ Will++ rCorr Dex-2}
   (You found it in a wizard's laboratory)

   Dex:       It affects your dexterity (-2).
   rC:        It protects you from cold.
   rCorr:     It protects you from acid and corrosion.
   Will:      It greatly increases your willpower.
 m - a +2 cloak of willpower (worn)
 A - the +1 helmet of Ziogem (worn) {Regen+}
   (You bought it in a shop on level 1 of the Depths)

   Regen:     It increases your rate of health regeneration.
 H - the +6 scale mail of the Delightful God {rElec Str+4 Dex+4}
   (You took it off a deep elf high priest on level 3 of the Elven Halls)

   Str:       It affects your strength (+4).
   Dex:       It affects your dexterity (+4).
   rElec:     It insulates you from electricity.
 N - +5 steam dragon scales (worn)
 Q - a +2 pair of boots (worn)
Jewellery
 c - the ring "Bomeomip" {Fly Dex+5}
   (You found it on level 3 of the Elven Halls)

   [ring of flight]

   Dex:       It affects your dexterity (+5).
   Fly:       It grants you flight.
 G - an amulet of guardian spirit
 M - the ring of the Tortoise (left hand) {AC+8}
   (You bought it in a shop on level 4 of the Shoals)

   [ring of protection]

   AC:        It affects your AC (+8).
 T - a ring of resist corrosion
 U - the ring "Faunkapp" (right hand) {rPois rF- rC+ rN+ Int+3}
   (You found it in a Gauntlet)

   [ring of protection from cold]

   Int:       It affects your intelligence (+3).
   rF:        It makes you vulnerable to fire.
   rC:        It protects you from cold.
   rPois:     It protects you from poison.
   rN:        It protects you from negative energy.
 V - the amulet "Gucasmat" (around neck) {rF++ Regen+ MP+9 Dex+4}
   (You took it off a minotaur in a Gauntlet)

   [amulet of regeneration]

   Dex:       It affects your dexterity (+4).
   rF:        It greatly protects you from fire.
   MP:        It affects your magic capacity (+9).
   Regen:     It increases your rate of health regeneration.
Wands
 t - a wand of roots (18)
 E - a wand of acid (6)
 L - a wand of paralysis (46)
 O - a wand of flame (61)
 P - a wand of digging (14)
 X - a wand of mindburst (49)
Scrolls
 b - 8 scrolls of immolation
 j - a scroll of silence
 n - 13 scrolls of amnesia
 p - 18 scrolls of butterflies
 s - 24 scrolls of teleportation
 y - 3 scrolls of summoning
 C - 5 scrolls of blinking
 D - 7 scrolls of poison
 J - 8 scrolls of vulnerability
 W - 9 scrolls of fear
Potions
 d - 12 potions of might
 e - 25 potions of curing
 f - 4 potions of flight
 i - 11 potions of heal wounds
 k - 8 potions of magic
 o - 6 potions of lignification
 q - 3 potions of resistance
 r - 10 potions of attraction
 u - 12 potions of mutation
 z - 9 potions of invisibility
 B - 10 potions of brilliance
 F - 3 potions of cancellation
 K - 2 potions of ambrosia
 R - a potion of berserk rage
Miscellaneous
 a - a condenser vane
 h - a phantom mirror (inert)
 I - a tin of tremorstones (2/2)
 S - a lightning rod (4/4)
 Y - a phial of floods
 Z - a box of beasts (inert)


   Skills:
 - Level 16.8 Fighting
 - Level 26.0 Ranged Weapons
 - Level 11.0 Armour
 - Level 20.5 Dodging
 - Level 19.1 Stealth
 - Level 8.3 Shields
 - Level 8.7 Spellcasting
 + Level 4.0 Conjurations
 - Level 16.3 Necromancy
 - Level 7.6 Translocations
 - Level 2.7 Transmutations
 - Level 14.0 Ice Magic
 + Level 4.0 Air Magic
 - Level 2.7 Earth Magic
 - Level 14.8 Invocations
 - Level 12.9 Evocations


You had 2 spell levels left.
You knew the following spells:

 Your Spells              Type           Power      Damage    Failure   Level
a - Passage of Golubria   Tloc           57%        N/A       1%          4
b - Blink                 Tloc           100%       N/A       1%          2
c - Passwall              Tmut/Erth      25%        N/A       1%          2
d - Ozocubu's Armour      Ice            79%        N/A       1%          3
e - Ozocubu's Refrigerat  Ice            39%        4d16      10%         7
f - Dispersal             Tloc           28%        N/A       26%         6
g - Apportation           Tloc           100%       N/A       1%          1
h - Freezing Cloud        Conj/Ice/Air   28%        6-21      4%          5
i - Irradiate             Conj/Tmut      17%        3d17      26%         5
j - Simulacrum            Ice/Necr       41%        N/A       1%          6

Your spell library contained the following spells:

 Spells                   Type           Power      Damage    Failure   Level
 Freeze                   Ice            100%       1d10      0%          1
 Necrotise                Necr           100%       1d9       0%          1
 Foxfire                  Conj/Fire      100%       2x1d9     1%          1
 Magic Dart               Conj           100%       1d8       1%          1
 Sandblast                Erth           60%        2d14      1%          1
 Ensorcelled Hibernation  Hex/Ice        100%       N/A       1%          2
 Momentum Strike          Conj/Tloc      98%        3d10      1%          2
 Searing Ray              Conj           76%        2d7       1%          2
 Static Discharge         Conj/Air       76%        2-6/arc   1%          2
 Slow                     Hex            52%        N/A       3%          1
 Summon Small Mammal      Summ           52%        N/A       3%          1
 Call Imp                 Summ           13%        N/A       5%          2
 Vampiric Draining        Necr           85%        2d12      0%          3
 Frozen Ramparts          Ice            100%       1d16      1%          3
 Gell's Gravitas          Tloc           57%        N/A       1%          3
 Hailstorm                Conj/Ice       62%        3d13      1%          3
 Lesser Beckoning         Tloc           100%       N/A       1%          3
 Swiftness                Air            38%        N/A       1%          3
 Teleport Other           Tloc           57%        N/A       1%          3
 Vhi's Electric Charge    Tloc/Air       98%        N/A       1%          3
 Anguish                  Hex/Necr       29%        N/A       1%          4
 Animate Dead             Necr           85%        N/A       1%          4
 Ice Form                 Ice/Tmut       60%        N/A       1%          4
 Manifold Assault         Tloc           57%        N/A       1%          4
 Summon Ice Beast         Ice/Summ       54%        N/A       1%          4
 Borgnjor's Vile Clutch   Necr/Erth      32%        N/A       1%          5
 Death Channel            Necr           42%        N/A       1%          6
 Kindle Blastsparks       Fire/Tloc/Air  74%        2d16      2%          3
 Stone Arrow              Conj/Erth      68%        3d11      2%          3
 Mephitic Cloud           Conj/Pois/Air  30%        N/A       3%          3
 Iskenderun's Mystic Bla  Conj/Tloc      49%        2d11      3%          4
 Metabolic Englaciation   Hex/Ice        27%        N/A       6%          5
 Ignite Poison            Fire/Tmut/Pois 19%        N/A       8%          3
 Confusing Touch          Hex            13%        N/A       11%         3
 Inner Flame              Hex/Fire       13%        N/A       11%         3
 Summon Guardian Golem    Hex/Summ       13%        N/A       11%         3
 Petrify                  Tmut/Erth      30%        N/A       12%         4
 Flame Wave               Conj/Fire      26%        2d8       16%         4
 Fulminant Prism          Conj/Hex       13%        3d9       16%         4
 Sticky Flame             Conj/Fire      26%        2d5       16%         4
 Arcjolt                  Conj/Air       19%        1d29      19%         5
 Lightning Bolt           Conj/Air       19%        1d33      19%         5
 Animate Armour           Summ/Erth      42%        N/A       22%         4
 Blade Hands              Tmut           15%        N/A       34%         5
 Lee's Rapid Deconstruct  Erth           15%        3d10*     34%         5
 Cause Fear               Hex            6%         N/A       36%         4
 Fireball                 Conj/Fire      13%        3d7       41%         5
 Silence                  Hex/Air        13%        N/A       41%         5
 Summon Mana Viper        Hex/Summ       13%        N/A       71%         5
 Conjure Ball Lightning   Conj/Air       19%        3x3d6     71%         6
 Iron Shot                Conj/Erth      17%        9d4       82%         6
 Statue Form              Tmut/Erth      20%        N/A       88%         6
 Starburst                Conj/Fire      13%        6d5       94%         6
 Orb of Destruction       Conj           19%        9d8       99%         7
 Dragon Form              Tmut           15%        N/A       100%        7
 Enfeeble                 Hex            6%         N/A       100%        7
 Monstrous Menagerie      Summ           6%         N/A       100%        7
 Spellforged Servitor     Conj/Summ      13%        N/A       100%        7
 Storm Form               Tmut/Air       17%        N/A       100%        7
 Discord                  Hex            6%         N/A       100%        8
 Disjunction              Tloc           28%        N/A       100%        8
 Lehudib's Crystal Spear  Conj/Erth      17%        10d5      100%        8
 Maxwell's Capacitive Co  Air            19%        ∞         100%        8
 Chain Lightning          Conj/Air       19%        3d25      100%        9
 Fire Storm               Conj/Fire      13%        8d3       100%        9
 Shatter                  Erth           15%        3d15*     100%        9


Dungeon Overview and Level Annotations

Branches:
Dungeon (15/15)            Temple (0/1) D:6            Lair (5/5) D:10
 Shoals (4/4) Lair:2        Snake (4/4) Lair:3        Slime (0/5) Lair:4
    Orc (2/2) D:10            Elf (3/3) Orc:2        Vaults (5/5) D:13
  Crypt (0/3) Vaults:3     Depths (4/4) D:15            Zot (5/5) Depths:4
Ossuary (visited)           IceCv (visited)          WizLab (visited)
Gauntlet (visited)

Altars:
Ashenzari
Cheibriados
Dithmenos
Fedhas
Makhleb
Nemelex Xobeh
Sif Muna
Trog
Uskayaw
Vehumet
Wu Jian
Yredelemnul
Zin
The Shining One
Jiyva

Shops:
D:4 :   Orc:1 *   Orc:2 (*[=   Shoals:3 **   Shoals:4 ==((*   Snake:1 *[
Vaults:1 *   Vaults:2 (   Vaults:5 ???[!   Depths:1 *[!:!   Depths:3 [
Depths:4 [(!

Portals:
Hell: Depths:1 Depths:2 Depths:3 Depths:4
Abyss: Depths:3
Pandemonium: Depths:2 Depths:4
Ziggurat: Depths:1

Annotations:
D:7 exclusion: downstairs
Shoals:3 exclusion: downstairs
Elf:1 6 runed translucent doors
Elf:2 3 runed translucent doors
Vaults:2 2 transporters
Zot:4 Josephina
Zot:5 2 exclusions


Innate Abilities, Weirdness & Mutations

You are small and have problems with some larger weapons.
You are completely attuned to the shadows.


Message History

Unknown command.
Casting: Passwall (safe; 1% risk of failure)
Confirm with . or Enter, or press ? or * to list all spells.
Aiming: Passwall (safe; 1% risk of failure)
Press: ? - help, Dir - move target A rock wall.
This square is covered in magical glow.
You begin to meditate on the wall.
You continue meditating on the rock. x3
You finish merging with the rock.
Unknown command.
Casting: Passwall (safe; 1% risk of failure)
Confirm with . or Enter, or press ? or * to list all spells.
Aiming: Passwall (safe; 1% risk of failure)
Press: ? - help, Dir - move target A rock wall.
This square is covered in magical glow.
You begin to meditate on the wall.
You continue meditating on the rock. x4
You finish merging with the rock.
Unknown command.
Casting: Passwall (safe; 1% risk of failure)
Confirm with . or Enter, or press ? or * to list all spells.
Aiming: Passwall (safe; 1% risk of failure)
Press: ? - help, Dir - move target A rock wall.
This square is covered in magical glow.
You begin to meditate on the wall.
You continue meditating on the rock. x4
You finish merging with the rock.
Unknown command.
Casting: Passwall (safe; 1% risk of failure)
Confirm with . or Enter, or press ? or * to list all spells.
Aiming: Passwall (safe; 1% risk of failure)
Press: ? - help, Dir - move target A rock wall.
This square is covered in magical glow.
You begin to meditate on the wall.
You continue meditating on the rock. x4
You finish merging with the rock.
Unknown command.
There is a staircase leading out of the dungeon here.
You can't go down here!
You have escaped!

#########
############
#.......#
#@..#......#
#...)...#
#...#..###.#
#.......#
###'#....#.#
#.......##
#.#....⌠.#.##
#........#
###.#..#......##
#........#
#.#.'.####.....#
#........###
#.#.#..#.......##
#..........#
#.#.#....⌠.#.#..##
#..........#
#.###'#....#.##..###


There were no monsters in sight!

Vanquished Creatures
  An orb of fire (Zot:4)
  A dread lich (Vaults:5)
  2 ancient liches
  Mennas (Vaults:5)
  Mara (Depths:3)
  A juggernaut (Depths:2)
  A royal mummy (WizLab)
  Vashnia (Snake:4)
  Bai Suzhen (Vaults:2)
  Frederick (Vaults:4)
  Saint Roka (Snake:3)
  6 golden dragons
  Nikola (Depths:2)
  Jory (Vaults:4)
  6 tentacled monstrosities
  Zenata (Vaults:4)
  A walking crystal tome (Depths:2)
  4 titans
  An Orb Guardian (D:9)
  Jorgrun (Elf:1)
  Rupert (D:13)
  3 deep elf master archers (Elf:3)
  5 liches
  2 deep elf blademasters (Elf:3)
  A walking divine tome (Depths:2)
  3 quicksilver dragons
  2 walking frostbound tomes (Depths:2)
  7 sphinxes
  An ancient champion (Vaults:3)
  An Executioner (D:6)
  Frances (D:14)
  Gastronok (Lair:1)
  8 tengu reavers
  7 shadow dragons
  A death cob (Zot:3)
  Donald (Snake:4)
  11 fire giants
  5 nagarajas
  6 storm dragons
  A draconian scorcher (Depths:4)
  A draconian knight (Depths:4)
  An iron dragon (Vaults:5)
  7 deep elf sorcerers
  12 frost giants
  2 deep elf elementalists (Elf:3)
  An orc warlord (Orc:2)
  13 vault wardens
  Louise (D:15)
  4 vampire knights
  32 very ugly things
  20 ironbound thunderhulks
  17 ironbound preservers
  20 stone giants
  4 war gargoyles
  2 spriggan defenders (Depths:3)
  5 deep elf demonologists
  A green draconian (Zot:3)
  An eleionoma (shapeshifter) (Vaults:5)
  Nessos (Lair:5)
  3 white draconians (Depths:4)
  2 red draconians
  6 deep elf annihilators (Elf:3)
  15 spark wasps
  11 dire elephants
  2 minotaurs
  Snorg (D:14)
  4 merfolk javelineers
  4 deep elf death magi (Elf:3)
  2 crystal guardians (Vaults:4)
  9 merfolk impalers
  4 entropy weavers
  3 jiangshi (Depths:1)
  An ettin (shapeshifter) (Vaults:5)
  6 ettins
  8 deep elf high priests
  10 fire dragons
  4 mummy priests (WizLab)
  12 yaktaur captains
  4 spriggan air magi
  2 rakshasas
  2 salamander tyrants (Snake:4)
  3 great orbs of eyes
  7 hydras
  39 vault guards
  An alligator snapping turtle (Shoals:3)
  4 peacekeepers
  3 ogre magi
  7 ironbound frosthearts
  A hell beast (D:4)
  8 ice dragons
  5 merfolk avatars
  A death knight (Vaults:3)
  9 anacondas
  Erica (Lair:1)
  6 merfolk aquamancers
  A satyr (shapeshifter) (Vaults:5)
  4 boulder beetles
  4 spriggan zombies (WizLab)
  An alligator (Lair:4)
  An anaconda (shapeshifter) (Elf:1)
  19 dancing weapons
  11 centaur warriors
  11 deep troll shamans
  8 two-headed ogres
  A catoblepas (Lair:5)
  15 naga warriors
  4 deep troll earth magi
  33 death yaks
  10 tengu warriors
  3 vampire magi
  18 naga sharpshooters
  6 satyrs
  A titan zombie (WizLab)
  8 shock serpents
  7 spriggan berserkers
  2 hell knights
  2 orc high priests
  4 iron trolls
  13 deep elf knights
  Amaemon (D:8)
  3 skeletal warriors (D:13)
  7 salamander mystics
  A shadow wraith (Vaults:5)
  46 deep trolls
  10 sea snakes
  Lodul (D:13)
  A spark wasp zombie (WizLab)
  A golden dragon zombie (WizLab)
  3 glowing orange brains
  5 naga ritualists
  18 lindwurms
  A shadow dragon zombie (Vaults:4)
  2 necromancers
  11 deep elf archers
  4 flayed ghosts
  19 deep elf pyromancers
  17 ironbound convokers
  3 wizards
  7 phantasmal warriors
  2 wolf spiders (shapeshifter)
  Pikel (D:7)
  22 harpies
  38 fauns
  7 orc knights
  7 orc sorcerers
  A fire giant zombie (WizLab)
  3 cyclopes
  34 ugly things
  17 deep elf zephyrmancers
  9 mana vipers
  33 slime creatures
  An oklob plant (Lair:5)
  24 salamanders
  11 elephants
  A mana viper (shapeshifter) (Depths:2)
  17 manticores
  4 moths of wrath
  A cyclops (shapeshifter) (Depths:4)
  A moth of wrath (shapeshifter) (D:15)
  20 vault sentinels
  9 guardian serpents
  3 torpor snails
  3 water nymphs
  29 black mambas
  6 merfolk sirens
  An ice statue (IceCv)
  14 naga magi
  3 gargoyles
  16 cane toads
  A yaktaur zombie (WizLab)
  An elf skeleton (Vaults:4)
  An orange demon (D:8)
  7 komodo dragons
  Psyche (D:8)
  11 rime drakes
  2 kobold demonologists (D:14)
  Maggie (D:8)
  An efreet (D:13)
  5 freezing wraiths
  2 tormentors
  3 guardian mummies (WizLab)
  31 yaktaurs
  3 tengu conjurers
  A red devil (D:13)
  11 trolls
  31 merfolk
  A merfolk (shapeshifter) (D:14)
  9 wind drakes
  7 hornets
  7 polar bears
  A queen bee (shapeshifter) (D:13)
  4 meliai (Shoals:3)
  Prince Ribbit (Lair:2)
  2 ettin zombies
  10 blink frogs
  A raiju (Snake:2)
  A tyrant leech (Lair:4)
  4 dream sheep (Lair:2)
  A snapping turtle (shapeshifter) (Vaults:5)
  13 snapping turtles
  A large abomination (D:6)
  A culicivora (Vaults:1)
  3 vampires
  A jumping spider (Vaults:3)
  A spriggan (shapeshifter) (D:13)
  14 spriggans
  14 water elementals
  59 yaks
  2 wyverns
  Grum (Lair:1)
  4 basilisks
  4 redbacks
  A steam dragon (D:9)
  6 vampire mosquitoes (D:13)
  5 swamp worms (Lair:4)
  A swamp worm (shapeshifter) (Vaults:5)
  4 wargs
  13 water moccasins
  A glowing shapeshifter zombie (WizLab)
  An acid dragon (D:11)
  45 nagas
  A floating eye (shapeshifter) (Vaults:5)
  2 swamp drakes (Lair:4)
  33 orc warriors
  2 sky beasts (D:7)
  16 ogres
  3 boggarts (Lair:3)
  23 wolves
  16 centaurs
  A boggart (shapeshifter) (Depths:2)
  2 lemures (D:6)
  A phantom (D:6)
  3 kobold brigands
  16 bullfrogs
  Blork the orc (Orc:2)
  2 necrophages
  6 scorpions
  14 wights
  A water moccasin zombie (Ossuary)
  10 killer bees
  2 electric eels (Lair:4)
  7 howler monkeys
  A human zombie (Ossuary)
  6 centaur zombies (Ossuary)
  5 jellies
  A bullfrog zombie (Ossuary)
  A hound (D:6)
  23 orc priests
  3 gnoll boudas
  A scorpion zombie (Ossuary)
  An iguana (D:4)
  31 orc wizards
  A mummy (Ossuary)
  29 gnolls
  4 adders
  13 white imps
  2 ufetubi (D:5)
  2 adder zombies (Ossuary)
  A worm zombie (D:6)
  4 worms
  2 dart slugs
  94 orcs
  6 ball pythons
  3 bats
  8 endoplasms
  3 giant cockroaches
  2 gnoll zombies (Ossuary)
  7 goblins
  7 hobgoblins
  10 jackals
  6 quokkas
  2 frilled lizards (D:1)
  2 goblin zombies (Ossuary)
  3 hobgoblin zombies (Ossuary)
  20 kobolds
  3 orc zombies (Ossuary)
  3 rats
1972 creatures vanquished.

Vanquished Creatures (collateral kills)
  A golden dragon (Zot:4)
  Aizul (Snake:3)
  A draconian annihilator (Zot:4)
  2 yellow draconians (Zot:4)
  A white draconian (Zot:4)
6 creatures vanquished.

Vanquished Creatures (others)
  A lich (D:3)
  A vampire knight (Depths:2)
  A tengu warrior (Depths:2)
  2 deep elf knights
  A guardian serpent (Snake:4)
  A small abomination (D:3)
  3 orcs
  9 ball lightnings (D:3)
  45 fungi
  276 plants
340 creatures vanquished.

Grand Total: 2318 creatures vanquished

Notes
Turn   | Place    | Note
-------+----------+-------------------------------------------
     0 | D:1      | Monkooky the Kobold Hunter began the quest for the Orb.
     0 | D:1      | Reached XP level 1. HP: 12/12 MP: 1/1
    43 | D:1      | Reached XP level 2. HP: 17/17 MP: 2/2
    84 | D:1      | Reached skill level 6 in Ranged Weapons
   302 | D:1      | Reached XP level 3. HP: 21/21 MP: 3/3
   633 | D:2      | Reached skill level 7 in Ranged Weapons
   633 | D:2      | Reached XP level 4. HP: 26/26 MP: 4/4
  1241 | D:3      | Reached XP level 5. HP: 30/30 MP: 5/5
  1308 | D:3      | Reached skill level 8 in Ranged Weapons
  1505 | D:3      | Found a faded altar of an unknown god.
  1524 | D:3      | Prayed at the altar of an unknown god.
  1524 | D:3      | Became a worshipper of Cheibriados the Contemplative
  1524 | D:3      | Reached * piety under Cheibriados
  2089 | D:4      | Reached XP level 6. HP: 22/35 MP: 6/6
  2222 | D:4      | Reached skill level 9 in Ranged Weapons
  2353 | D:4      | Found Yzamma's Book Emporium.
  2415 | D:4      | Found a bloodstained altar of Trog.
  2573 | D:4      | Reached ** piety under Cheibriados
  2574 | D:4      | Reached skill level 10 in Ranged Weapons
  2574 | D:4      | Reached XP level 7. HP: 21/40 MP: 7/7
  2709 | D:4      | Identified a scroll of acquirement
  2710 | D:4      | Acquired a +2 arbalest of draining
  2830 | D:5      | Entered Level 5 of the Dungeon
  2958 | D:5      | Reached XP level 8. HP: 23/46 MP: 9/9
  3332 | D:5      | Found a burning altar of Makhleb.
  3390 | D:5      | Reached skill level 5 in Dodging
  3664 | D:6      | Reached *** piety under Cheibriados
  3792 | D:6      | Found a sand-covered staircase.
  3807 | Ossuary  | Entered an ossuary
  3893 | Ossuary  | Learned a level 4 spell: Passage of Golubria
  3899 | Ossuary  | Reached skill level 1 in Translocations
  3924 | Ossuary  | Reached **** piety under Cheibriados
  3970 | Ossuary  | Noticed a silent spectre
  4047 | D:6      | Found a staircase to the Ecumenical Temple.
  4108 | D:6      | Reached XP level 9. HP: 46/52 MP: 10/10
  4113 | D:6      | Reached skill level 5 in Translocations
  4201 | D:6      | Learned a level 2 spell: Blink
  4821 | D:6      | Learned a level 2 spell: Passwall
  4998 | D:7      | Noticed a gargoyle
  5005 | D:7      | Killed a gargoyle
  5113 | D:7      | Reached ***** piety under Cheibriados
  5115 | D:7      | Reached XP level 10. HP: 58/58 MP: 13/13
  5199 | D:7      | Reached skill level 5 in Invocations
  5295 | D:7      | Noticed Pikel
  5296 | D:7      | Killed Pikel
  5708 | D:8      | Noticed Maggie
  6207 | D:8      | Found a sparkling altar of Nemelex Xobeh.
  6260 | D:8      | Noticed an orange demon
  6261 | D:8      | Noticed Amaemon
  6266 | D:8      | Killed an orange demon
  6267 | D:8      | Reached skill level 11 in Ranged Weapons
  6267 | D:8      | Killed Amaemon
  6268 | D:8      | Reached skill level 12 in Ranged Weapons
  6439 | D:8      | Found a large runed translucent door.
  6440 | D:8      | Found a large runed translucent door.
  6445 | D:8      | Killed Maggie
  6454 | D:8      | Reached XP level 11. HP: 19/60 MP: 11/17
  6831 | D:8      | Noticed Psyche
  6837 | D:8      | Killed Psyche
  6838 | D:8      | Reached skill level 13 in Ranged Weapons
  7037 | D:8      | Found a hide-covered altar of Uskayaw.
  7097 | D:8      | Found a shadowy altar of Dithmenos.
  7100 | D:8      | Found an ornate altar of the Wu Jian Council.
  7207 | D:9      | Reached skill level 14 in Ranged Weapons
  8022 | D:9      | Found a blossoming altar of Fedhas.
  8200 | D:10     | Entered Level 10 of the Dungeon
  8200 | D:10     | Found a staircase to the Orcish Mines.
  8428 | D:10     | Reached skill level 15 in Ranged Weapons
  8585 | D:10     | Noticed a two-headed ogre
  8590 | D:10     | Killed a two-headed ogre
  8591 | D:10     | Reached skill level 16 in Ranged Weapons
  8769 | D:10     | Found a glowing golden altar of the Shining One.
  8811 | D:10     | Found a staircase to the Lair.
  9210 | D:10     | Found a broken altar of Ashenzari.
  9715 | D:10     | Found a glowing silver altar of Zin.
  9886 | D:11     | Noticed a red ugly thing
  9891 | D:11     | Killed a red ugly thing
 10069 | D:11     | Noticed a two-headed ogre
 10074 | D:11     | Killed a two-headed ogre
 10075 | D:11     | Reached XP level 12. HP: 68/68 MP: 18/18
 10165 | D:11     | Reached skill level 17 in Ranged Weapons
 10986 | D:12     | You are sucked into a shaft and drop 3 floors!
 10986 | D:15     | Entered Level 15 of the Dungeon
 11002 | D:15     | Noticed a boulder beetle
 11008 | D:15     | Reached skill level 18 in Ranged Weapons
 11008 | D:15     | Reached skill level 5 in Fighting
 11011 | D:15     | Killed a boulder beetle
 11102 | D:15     | Found a gate leading to a gauntlet.
 11108 | Gauntlet | Entered a Gauntlet
 11108 | Gauntlet | Found a transporter.
 11115 | Gauntlet | Noticed a glowing orange brain
 11225 | Gauntlet | Found a transporter.
 11266 | Gauntlet | Found a transporter.
 11273 | Gauntlet | Noticed a hell beast
 11280 | Gauntlet | Found a transporter.
 11303 | Gauntlet | Found a transporter.
 11303 | Gauntlet | Found a transporter.
 11315 | Gauntlet | Noticed a great orb of eyes
 11326 | Gauntlet | Found a transporter.
 11337 | Gauntlet | Noticed a quicksilver ooze
 11350 | Gauntlet | Found a transporter.
 11363 | Gauntlet | Found a transporter.
 11373 | Gauntlet | Noticed a dire elephant
 11411 | Gauntlet | Found a transporter.
 11484 | Gauntlet | Found a transporter.
 11497 | Gauntlet | Killed a glowing orange brain
 11506 | Gauntlet | Found a transporter.
 11513 | Gauntlet | Identified the +2 pair of boots of Cuummot {Rampage rF+
                  | MP+9}
 11537 | Gauntlet | Paralysed by a great orb of eyes for 4 turns
 11541 | Gauntlet | Killed a great orb of eyes
 11542 | Gauntlet | Identified the ring "Faunkapp" {rPois rF- rC+ rN+ Int+3}
 11619 | Gauntlet | Identified the amulet "Gucasmat" {rF++ Regen+ MP+9 Dex+4}
 11619 | Gauntlet | Noticed a minotaur
 11629 | Gauntlet | Killed a minotaur
 11630 | Gauntlet | Reached skill level 1 in Spellcasting
 11630 | Gauntlet | Reached skill level 1 in Transmutations
 11630 | Gauntlet | Reached skill level 1 in Earth Magic
 11765 | D:15     | Noticed Louise
 11766 | D:15     | Noticed a deep troll
 11799 | D:14     | Noticed a tengu warrior
 11855 | D:13     | Noticed Rupert
 11864 | D:13     | Killed Rupert
 11865 | D:13     | Reached XP level 13. HP: 63/76 MP: 19/19
 11914 | D:13     | Noticed a centaur warrior
 11918 | D:13     | Reached skill level 1 in Evocations
 11923 | D:13     | Killed a centaur warrior
 12002 | D:13     | Found a flickering gateway to a bazaar.
 12006 | Bazaar   | Entered a bazaar
 12008 | Bazaar   | Found Lorgheul's Assorted Antiques.
 12013 | Bazaar   | Found Exeigg's Book Boutique.
 12015 | Bazaar   | Found Livingaj's Armour Boutique.
 12021 | Bazaar   | Found Hedwarez's General Store.
 12172 | D:12     | Reached skill level 5 in Evocations
 12713 | Lair:1   | Entered Level 1 of the Lair of Beasts
 12767 | Lair:1   | Noticed Gastronok
 12775 | Lair:1   | Killed Gastronok
 12811 | Lair:1   | Reached skill level 1 in Armour
 12941 | Lair:1   | Noticed Erica
 12946 | Lair:1   | Killed Erica
 13176 | Lair:1   | Reached skill level 10 in Dodging
 13544 | Lair:1   | Noticed Grum
 13548 | Lair:1   | Killed Grum
 14182 | Lair:2   | Reached XP level 14. HP: 84/84 MP: 20/20
 14378 | Lair:2   | Noticed Prince Ribbit
 14381 | Lair:2   | Killed Prince Ribbit
 14663 | Lair:2   | Reached skill level 10 in Fighting
 14886 | Lair:2   | Found a staircase to the Shoals.
 15145 | Lair:3   | Reached ****** piety under Cheibriados
 15256 | Lair:3   | Found a frozen archway.
 15262 | IceCv    | Entered an ice cave
 15444 | IceCv    | Noticed a frost giant
 15465 | IceCv    | Killed a frost giant
 15857 | Lair:3   | Reached XP level 15. HP: 96/96 MP: 21/21
 16018 | Lair:3   | Found a staircase to the Snake Pit.
 16204 | Lair:3   | Reached skill level 1 in Shields
 16737 | Lair:4   | Learned a level 3 spell: Ozocubu's Armour
 16745 | Lair:4   | Learned a level 7 spell: Ozocubu's Refrigeration
 16816 | Lair:4   | Reached skill level 1 in Ice Magic
 17199 | Lair:4   | Reached skill level 5 in Ice Magic
 17269 | Lair:4   | Found a runed translucent door.
 17269 | Lair:4   | Found a viscous altar of Jiyva.
 17270 | Lair:4   | Found a staircase to the Slime Pits.
 17546 | Lair:5   | Entered Level 5 of the Lair of Beasts
 17547 | Lair:5   | Noticed Nessos
 17550 | Lair:5   | Killed Nessos
 17586 | Lair:5   | Reached skill level 10 in Ice Magic
 17885 | Lair:5   | Reached XP level 16. HP: 101/101 MP: 23/23
 19104 | Orc:1    | Entered Level 1 of the Orcish Mines
 19212 | Orc:1    | Found Eprudd's Assorted Antiques.
 19448 | Orc:2    | Entered Level 2 of the Orcish Mines
 19503 | Orc:2    | Noticed Blork the orc
 19507 | Orc:2    | Killed Blork the orc
 19537 | Orc:2    | Reached skill level 5 in Shields
 19699 | Orc:2    | Found a staircase to the Elven Halls.
 19806 | Orc:2    | Found Naekequc's General Store.
 19811 | Orc:2    | Bought a wand of roots (4) for 134 gold pieces
 19858 | Orc:2    | Found Xoex Pio's Antique Armour Boutique.
 19876 | Orc:2    | Found Esug Kas's Antique Weapon Boutique.
 20194 | Orc:2    | Found Cegafeps's Jewellery Boutique.
 20460 | Snake:1  | Entered Level 1 of the Snake Pit
 20537 | Snake:1  | Found Tuffy's CLEARANCE SALE!.
 20542 | Snake:1  | Bought a potion of invisibility for 40 gold pieces
 20542 | Snake:1  | Bought a scroll of immolation for 20 gold pieces
 20565 | Snake:1  | Reached skill level 10 in Evocations
 20891 | Snake:1  | Found Pariugu's Antique Armour Emporium.
 20895 | Snake:1  | Bought an embroidered cloak for 262 gold pieces
 21362 | Snake:2  | Reached XP level 17. HP: 77/108 MP: 24/24
 21452 | Snake:2  | Reached skill level 5 in Spellcasting
 22123 | Snake:3  | Noticed Saint Roka
 22135 | Snake:3  | Killed Saint Roka
 22728 | Snake:3  | Reached skill level 5 in Armour
 22728 | Snake:3  | Reached skill level 15 in Dodging
 23070 | Snake:3  | Noticed Aizul
 23082 | Snake:3  | Killed Aizul
 23141 | Snake:3  | Identified the +4 ring mail of Vikhy {rC+ SInv}
 23314 | Snake:4  | Entered Level 4 of the Snake Pit
 23315 | Snake:4  | Noticed Donald
 23319 | Snake:4  | Killed Donald
 23445 | Snake:4  | Reached XP level 18. HP: 110/112 MP: 30/30
 23515 | Snake:4  | Noticed Vashnia
 23533 | Snake:4  | Killed Vashnia
 24732 | Snake:4  | Got a serpentine rune of Zot
 25042 | Shoals:1 | Entered Level 1 of the Shoals
 25883 | Shoals:2 | Reached skill level 5 in Stealth
 26027 | Shoals:2 | Identified the +1 scale mail of Forking Paths {rF+ Will+
                  | Slay+3}
 26047 | Shoals:2 | You fall into a shaft and drop 1 floor!
 26082 | Shoals:3 | Learned a level 6 spell: Dispersal
 26385 | Shoals:2 | Acquired 418 gold pieces
 26450 | Shoals:2 | Reached XP level 19. HP: 117/117 MP: 10/31
 27225 | Shoals:2 | Reached skill level 10 in Stealth
 27661 | Shoals:3 | Found Uplug's Specific Store.
 27662 | Shoals:3 | Found Bideefin's General Store.
 28142 | Shoals:3 | Identified the +7 morningstar "Fuwuir" {venom, rF+ rN+
                  | Int+4}
 28462 | Shoals:3 | Found the +9 heavy crossbow "Sniper" {vorpal, Acc+∞ SInv}
 28474 | Shoals:3 | Found a hide-covered altar of Uskayaw.
 28528 | Shoals:4 | Entered Level 4 of the Shoals
 28528 | Shoals:4 | Found Zarruude's Jewellery Shoppe.
 28651 | Shoals:4 | Bought the ring of the Tortoise {AC+8} for 1664 gold pieces
 28651 | Shoals:4 | Found the ring of the Tortoise {AC+8}
 28734 | Shoals:3 | Reached skill level 19 in Ranged Weapons
 28888 | Shoals:4 | Got a barnacled rune of Zot
 28933 | Shoals:4 | Reached XP level 20. HP: 123/123 MP: 32/32
 29026 | Shoals:4 | Reached skill level 20 in Ranged Weapons
 29193 | Shoals:4 | Found the +8 orange crystal plate armour {Archmagi, Int+3
                  | Clar}
 29210 | Shoals:4 | Found Zokhlogo's Antique Weapon Emporium.
 29235 | Shoals:4 | Found Ulamum's Assorted Antiques.
 29248 | Shoals:4 | Bought 2 potions of cancellation for 416 gold pieces
 29285 | Shoals:4 | Found Icwux's Weapon Shoppe.
 29313 | Shoals:4 | Learned a level 1 spell: Apportation
 29353 | Shoals:4 | Found Alofae Zops's Jewellery Shop.
 30209 | D:13     | Reached skill level 21 in Ranged Weapons
 30291 | D:13     | Found a gate to the Vaults.
 30346 | D:13     | Noticed Lodul
 30351 | D:13     | Killed Lodul
 31115 | D:14     | Noticed Snorg
 31118 | D:14     | Killed Snorg
 31735 | D:14     | Noticed Frances
 31739 | D:14     | Killed Frances
 31969 | D:15     | Reached skill level 22 in Ranged Weapons
 32036 | D:15     | Found a broken altar of Ashenzari.
 32057 | D:15     | Killed Louise
 32132 | D:15     | Found a staircase to the Depths.
 32748 | Elf:1    | Entered Level 1 of the Elven Halls
 32754 | Elf:1    | Reached skill level 23 in Ranged Weapons
 32760 | Elf:1    | Noticed Jorgrun
 32767 | Elf:1    | Killed Jorgrun
 33406 | Elf:1    | Reached XP level 21. HP: 128/128 MP: 33/33
 33882 | Elf:1    | Reached skill level 24 in Ranged Weapons
 33919 | Elf:1    | Found a runed translucent gate.
 33919 | Elf:1    | Found a runed translucent gate.
 33919 | Elf:1    | Found a runed translucent gate.
 33919 | Elf:1    | Found a runed translucent gate.
 33921 | Elf:1    | Found a runed translucent gate.
 33924 | Elf:1    | Found a runed translucent gate.
 34125 | Elf:2    | Found a shimmering blue altar of Sif Muna.
 34442 | Elf:2    | Found a runed translucent gate.
 34451 | Elf:2    | Found a runed translucent gate.
 34452 | Elf:2    | Found a runed translucent gate.
 34479 | Elf:3    | Entered Level 3 of the Elven Halls
 34603 | Elf:3    | Reached skill level 25 in Ranged Weapons
 34920 | Elf:3    | HP: 3/128 [deep elf sorcerer/damnation (51)]
 35089 | Elf:3    | Reached skill level 26 in Ranged Weapons
 35234 | Elf:3    | Reached skill level 10 in Invocations
 35355 | Elf:3    | Identified the ring "Bomeomip" {Fly Dex+5}
 35357 | Elf:3    | Got the Anthology of Objectivity
 35378 | Elf:3    | Identified the +2 war axe "Beaseg" {freeze, rPois}
 35458 | Elf:3    | Identified the +6 scale mail of the Delightful God {rElec
                  | Str+4 Dex+4}
 35458 | Elf:3    | Identified the ring "Lobionan" {Dex+2 SInv}
 35760 | Vaults:1 | Entered Level 1 of the Vaults
 35836 | Vaults:1 | Found Xuwnon's General Store.
 35841 | Vaults:1 | Bought a scroll of enchant weapon for 90 gold pieces
 35886 | Vaults:1 | Reached XP level 22. HP: 133/133 MP: 34/34
 37101 | Vaults:2 | Found a magical portal.
 37106 | WizLab   | Entered Doroklohe's Tomb
 37244 | WizLab   | Noticed a royal mummy
 37250 | WizLab   | Killed a royal mummy
 37253 | WizLab   | Identified the +0 ring mail of Responsibility {rF+ rC+}
 37515 | WizLab   | Identified the +5 pair of gloves of Resourcefulness {rC+
                  | Will++ rCorr Dex-2}
 37534 | WizLab   | Identified the +1 helmet of Waiph {rN+}
 37950 | Vaults:2 | Found a transporter.
 37968 | Vaults:2 | Found a transporter.
 38354 | Vaults:2 | Noticed Bai Suzhen
 38371 | Vaults:2 | Killed Bai Suzhen
 38412 | Vaults:2 | Found Oguxkeob's Antique Weapon Shop.
 39196 | Vaults:3 | Identified the +7 shortbow "Ejiutoga" {antimagic, rF- rC+
                  | Int+4 Dex+2}
 39587 | Vaults:3 | Reached XP level 23. HP: 141/141 MP: 35/35
 39818 | Vaults:3 | Acquired 938 gold pieces
 39842 | Vaults:3 | Found a staircase to the Crypt.
 40235 | Vaults:3 | Found the +9 staff of Wucad Mu {*channel}
 40519 | Vaults:4 | Noticed Zenata
 40523 | Vaults:4 | Killed Zenata
 40602 | Vaults:4 | Reached skill level 15 in Fighting
 40611 | Vaults:4 | Noticed Jory
 40621 | Vaults:4 | Killed Jory
 40969 | Vaults:4 | Noticed Frederick
 40973 | Vaults:4 | Killed Frederick
 41098 | Vaults:4 | Noticed an ancient lich
 41104 | Vaults:4 | Killed an ancient lich
 41275 | Vaults:4 | Identified the +10 flail "Qoqig" {vorpal, rElec rF+ rCorr}
 41625 | Vaults:5 | Entered Level 5 of the Vaults
 41696 | Vaults:5 | Reached XP level 24. HP: 154/154 MP: 35/35
 41724 | Vaults:5 | Found Ucaec's Magic Scroll Shoppe.
 41736 | Vaults:5 | Bought a scroll of blinking for 165 gold pieces
 41736 | Vaults:5 | Bought a scroll of magic mapping for 165 gold pieces
 41736 | Vaults:5 | Bought a scroll of immolation for 88 gold pieces
 41736 | Vaults:5 | Bought a scroll of fear for 88 gold pieces
 41736 | Vaults:5 | Bought a scroll of vulnerability for 88 gold pieces
 41781 | Vaults:5 | Found Itofiyg's Magic Scroll Shoppe.
 41785 | Vaults:5 | Bought a scroll of teleportation for 69 gold pieces
 41785 | Vaults:5 | Bought a scroll of teleportation for 69 gold pieces
 41785 | Vaults:5 | Bought a scroll of teleportation for 69 gold pieces
 41888 | Vaults:5 | Paralysed by a floating eye for 3 turns
 42261 | Vaults:5 | Reached skill level 10 in Armour
 42263 | Vaults:5 | Noticed a golden dragon
 42269 | Vaults:5 | Killed a golden dragon
 42322 | Vaults:5 | Noticed an ancient lich
 42332 | Vaults:5 | Killed an ancient lich
 42440 | Vaults:5 | Reached skill level 15 in Stealth
 42810 | Vaults:5 | Noticed a golden dragon
 42821 | Vaults:5 | Killed a golden dragon
 42833 | Vaults:5 | Reached XP level 25. HP: 160/160 MP: 35/35
 42837 | Vaults:5 | Noticed a dread lich
 42841 | Vaults:5 | Killed a dread lich
 42888 | Vaults:5 | Found Lealucur's Distillery.
 42894 | Vaults:5 | Bought 2 potions of invisibility for 288 gold pieces
 42894 | Vaults:5 | Bought a potion of curing for 54 gold pieces
 42894 | Vaults:5 | Bought a potion of might for 72 gold pieces
 42894 | Vaults:5 | Bought a potion of magic for 144 gold pieces
 42900 | Vaults:5 | Found Qyffiu's Antique Armour Boutique.
 43009 | Vaults:5 | Noticed Mennas
 43016 | Vaults:5 | Killed Mennas
 43155 | Vaults:5 | Found Taediuc's Magic Scroll Shoppe.
 43160 | Vaults:5 | Bought a scroll of teleportation for 63 gold pieces
 43160 | Vaults:5 | Bought a scroll of teleportation for 63 gold pieces
 43160 | Vaults:5 | Bought a scroll of teleportation for 63 gold pieces
 43160 | Vaults:5 | Bought a scroll of butterflies for 84 gold pieces
 43160 | Vaults:5 | Bought a scroll of blinking for 157 gold pieces
 43160 | Vaults:5 | Bought a scroll of fear for 84 gold pieces
 43160 | Vaults:5 | Bought a scroll of teleportation for 63 gold pieces
 43278 | Vaults:5 | Got a silver rune of Zot
 43602 | Depths:1 | Entered Level 1 of the Depths
 43892 | D:4      | Bought a Trismegistus Codex for 392 gold pieces
 43906 | D:4      | Learned a level 5 spell: Freezing Cloud
 43912 | D:4      | Learned a level 5 spell: Irradiate
 43919 | D:4      | Learned a level 6 spell: Simulacrum
 44234 | Depths:1 | Found Nagianil's Distillery.
 44239 | Depths:1 | Bought a potion of heal wounds for 95 gold pieces
 44239 | Depths:1 | Bought a potion of brilliance for 76 gold pieces
 44239 | Depths:1 | Bought a potion of invisibility for 152 gold pieces
 44239 | Depths:1 | Bought a potion of heal wounds for 95 gold pieces
 44239 | Depths:1 | Bought a potion of brilliance for 76 gold pieces
 44292 | Depths:1 | Reached skill level 1 in Necromancy
 44360 | Depths:1 | Found a gateway to Hell.
 44554 | Depths:1 | Found Jiuffumafam's Book Shoppe.
 44557 | Depths:1 | Found Tusac's Distillery.
 44557 | Depths:1 | Found Veel's Antique Armour Emporium.
 44560 | Depths:1 | Found Qoufenn's Assorted Antiques.
 44565 | Depths:1 | Bought a potion of heal wounds for 55 gold pieces
 44565 | Depths:1 | Bought 2 potions of heal wounds for 110 gold pieces
 44565 | Depths:1 | Bought a potion of might for 44 gold pieces
 44565 | Depths:1 | Bought a potion of heal wounds for 55 gold pieces
 44565 | Depths:1 | Bought a potion of might for 44 gold pieces
 44568 | Depths:1 | Bought a glimmering helmet for 256 gold pieces
 44568 | Depths:1 | Identified the +1 helmet of Ziogem {Regen+} (You bought it
                  | in a shop on level 1 of the Depths)
 44568 | Depths:1 | Bought a potion of resistance for 270 gold pieces
 44568 | Depths:1 | Bought a scroll of blinking for 202 gold pieces
 44748 | Depths:1 | Identified the +2 quarterstaff "Cuum" {spect, *Noise
                  | Will+++ Dex+7}
 44778 | Depths:1 | Found a one-way gateway to a ziggurat.
 44817 | Depths:1 | Identified the +5 mace of the Endless March {vamp, *Rage
                  | *Noise rN++ Str+2}
 44919 | Depths:1 | Reached skill level 5 in Necromancy
 45268 | Depths:2 | Found a bloodstained altar of Trog.
 45304 | Depths:2 | Found a basalt altar of Yredelemnul.
 45509 | Depths:2 | Found a sparkling altar of Nemelex Xobeh.
 45590 | Depths:2 | Noticed a juggernaut
 45599 | Depths:2 | Killed a juggernaut
 45789 | Depths:2 | Reached skill level 10 in Necromancy
 45826 | Depths:2 | Reached XP level 26. HP: 152/165 MP: 35/35
 46035 | Depths:2 | Noticed Nikola
 46042 | Depths:2 | Killed Nikola
 46247 | Depths:2 | Found a one-way gate leading to the halls of Pandemonium.
 46778 | Depths:3 | Found Ziud's Antique Armour Shop.
 46785 | Depths:3 | Bought a pair of ancient gloves for 332 gold pieces
 46785 | Depths:3 | Identified the +1 pair of gloves of Anaesthesia {rC- Str+2
                  | Int+5} (You bought it in a shop on level 3 of the Depths)
 46911 | Depths:3 | Found a one-way gate to the infinite horrors of the Abyss.
 47046 | Depths:3 | Identified the +7 whip of Qatrituso {protect, Fly Str+3
                  | Stlth+}
 47116 | Depths:3 | Noticed Mara
 47119 | Depths:3 | Noticed Monkooky's illusion
 47120 | Depths:3 | Killed Mara
 47187 | Depths:3 | Identified the ring of Rationality {rElec rC- MP+9 Dex+3}
 47229 | Depths:3 | Reached skill level 15 in Necromancy
 47431 | Depths:4 | Entered Level 4 of the Depths
 47585 | Depths:4 | Found a radiant altar of Vehumet.
 47698 | Depths:4 | Found a gate to the Realm of Zot.
 47881 | Depths:4 | Found Ocoela's Armour Shop.
 47881 | Depths:4 | Found Kihis's Antique Weapon Boutique.
 47882 | Depths:4 | Identified the +5 trident "Ynih" {chaos, rF++}
 47884 | Depths:4 | Found Iraum's Distillery.
 47891 | Depths:4 | Bought a potion of might for 48 gold pieces
 47891 | Depths:4 | Bought a potion of magic for 96 gold pieces
 47891 | Depths:4 | Bought a potion of invisibility for 96 gold pieces
 47891 | Depths:4 | Bought a potion of heal wounds for 60 gold pieces
 47891 | Depths:4 | Bought a potion of heal wounds for 60 gold pieces
 48595 | Zot:1    | Entered Level 1 of the Realm of Zot
 48700 | Zot:4    | Reached XP level 27. HP: 170/170 MP: 35/35
 48704 | Zot:4    | Noticed an orb of fire
 48713 | Zot:4    | Reached skill level 1 in Conjurations
 48713 | Zot:4    | Reached skill level 1 in Air Magic
 48716 | Zot:4    | Killed an orb of fire
 48787 | Zot:5    | Entered Level 5 of the Realm of Zot
 48817 | Zot:5    | Got the Orb of Zot
 48822 | Zot:5    | Noticed a Killer Klown
 48824 | Zot:5    | Noticed an orb of fire
 48888 | Zot:4    | Identified the ring "Bopuffom" {Ice Int+3}
 48888 | Zot:4    | Noticed Josephina
 48919 | Zot:4    | Identified the +9 morningstar of the Rescuing Badger
                  | {freeze, +Blink rC+}
 49470 | D:3      | Noticed Ukloa the pandemonium lord
 49547 | D:$      | Escaped with the Orb!

Illustrated notes

Levels and vault maps discovered:
D:1:      dpeg_arrival_court, layout_rooms
D:2:      layout_rooms
D:3:      layout_basic, hellmonk_ecumenical_altar_pennies_from_heaven,
          minmay_misc_feat_iff, hangedman_decor_clover_reticule
D:4:      layout_rooms, mainiacjoe_overflow_boulevard, serial_shops,
          nicolae_stop_n_shop_2
D:5:      layout_rooms, overflow_temple_1_default
D:6:      layout_basic, minmay_temple_entry_poolview, enter_ossuary_3,
          lightli_minifort
D:7:      layout_gridville, uniq_pikel
D:8:      layout_basic, mainiacjoe_overflow_six_doors_small,
          nicolae_uskayaw_dance_studio, jmf_multi_god_temple2, uniq_amaemon,
          uniq_maggie, uniq_psyche
D:9:      layout_layer_cave, fedhas_altar_4
D:10:     layout_layer_cave, tso_metal_star, general_overflow_altar,
          lemuel_coloured_pillars_altar, lair_entry_dummy, orc_0_dummy
D:11:     layout_roguey
D:12:     layout_loops_ring
D:13:     layout_roguey, skrybe_vaults_entry_preservation, serial_shops,
          bzr_entry_dummy, uniq_lodul, uniq_rupert
D:14:     layout_irregular_city, nrook_campfire, uniq_snorg, uniq_frances
D:15:     hangedman_depths_entry_civil_slaughter, layout_cave_pods,
          gauntlet_entry_generic, cheibrodos_ashenzari_chains, uniq_louise
Lair:1:   layout_layer_cave, grunt_megastairs_3, uniq_grum, uniq_erica,
          uniq_gastronok
Lair:2:   layout_loops_ring, minmay_shoals_entry_beasts, lemuel_fruit_tree,
          uniq_prince_ribbit2
Lair:3:   kb_forest_paths, layout_regular_city, guppyfry_snake_entry_garden,
          portal_ice_cave_entry_imps, chequers_serial_rivers_micro_c,
          lemuel_fruit_fields
Lair:4:   onia_ninara_swampy_vault, layout_long_grid, slime_entry_2,
          serial_bayou_shore_a
Lair:5:   grunt_lair_end_beastmaster, layout_layer_cave,
          chequers_serial_rivers_micro_d, wad_woods_road_01,
          chequers_serial_rivers_micro_b, grunt_megastairs_2, uniq_nessos
Shoals:1: layout_shoals
Shoals:2: layout_shoals, nicolae_shoals_water_booths
Shoals:3: cheibrodos_shoals_epimethial_gifts, layout_shoals,
          nicolae_specific_store, regret_index_shoals_crete
Shoals:4: shoals_end_grunt_garden, layout_shoals, serial_shops, shop,
          nicolae_shop_crystal, nicolae_shop_advertising_works
          [nicolae_subvault_shop_adworks], shop, shop
Snake:1:  layout_misc_corridors, serial_shops, shop, nicolae_shop_clearance
Snake:2:  layout_rooms, beargit_elvish_explorers
Snake:3:  layout_gridlike, uniq_saint_roka, uniq_aizul
Snake:4:  grunt_snake_rune_pools, layout_cave_town, grunt_megastairs_1,
          uniq_vashnia, uniq_donald
Orc:1:    layout_diamond_mine, serial_shops, nicolae_shop_overgrown_old_shop
Orc:2:    grunt_orc_cross, layout_caves
Elf:1:    eino_elf_arrival_shootout, layout_loops_corners, orc_legates,
          uniq_jorgrun
Elf:2:    nicolae_elf_blades_crystal_corner, layout_geoelf_diagonals,
          basic_altar
Elf:3:    minmay_elf_hall_statues, layout_geoelf_grid, moated_statue
Vaults:1: nicolae_vaults_three_branches, ontoclasm_vaults_chip,
          hangedman_vaults_pinch, v_misc_26, v_misc_24, nicolae_vaults_asterisk,
          vaults_room_grunt_arrival_checkpoint, v_misc_10,
          vaults_room_door_ring, grunt_vaults_bifocal,
          ontoclasm_vaults_misaligned, hangedman_vaults_stretched_pinwheel,
          ontoclasm_vaults_ligature, layout_vaults_big_room, serial_shops, shop
Vaults:2: mu_enter_wizlab_2, gammafunk_sealed_arena,
          nicolae_vaults_network_star, vaults_mumra_hexcomb,
          nicolae_vaults_shelves_hall, nicolae_vaults_yaktaur_gun_rack,
          v_misc_5, nicolae_vaults_mini_display_case, layout_vaults_omnigrid,
          serial_shops, shop, uniq_bai_suzhen
Vaults:3: v_misc_14, nicolae_vaults_network_quinsquares
          [nicolae_vaults_network_quincunx_subvault,
          nicolae_vaults_network_quincunx_subvault,
          nicolae_vaults_network_quincunx_subvault,
          nicolae_vaults_network_quincunx_subvault],
          nicolae_vaults_big_angled_halls, nicolae_vaults_shelves_hall,
          minmay_crypt_entry_simple_round, nicolae_vaults_network_quincunx
          [nicolae_vaults_network_quincunx_subvault,
          nicolae_vaults_network_quincunx_subvault,
          nicolae_vaults_network_quincunx_subvault,
          nicolae_vaults_network_quincunx_subvault,
          nicolae_vaults_network_quincunx_subvault], v_misc_12,
          vaults_dpeg_doors, vaults_mumra_minichess,
          nicolae_vaults_shelves_hall, vaults_room_pool,
          nicolae_vaults_angled_halls, ontoclasm_vaults_decontamination,
          nicolae_vaults_asterisk, nicolae_vaults_theta,
          ontoclasm_vaults_ring_square, layout_vaults_big_cross, serial_glass
Vaults:4: dpeg_vaults_monster_row, v_pattern_4, ontoclasm_vaults_ring_small,
          v_misc_8, vaults_room_ringed_pool, dpeg_vaults_hating_casters,
          vaults_dpeg_hooks, v_rooms_2, nicolae_vaults_little_squares_2,
          nicolae_vaults_alarming, layout_vaults_omnibox, uniq_frederick,
          uniq_jory, uniq_zenata
Vaults:5: uniq_mennas
Depths:1: layout_small_grid, enter_ziggurat_c, hell_entry, serial_shops, shop,
          fake_guardian_serpent_vault, minmay_shoptagon
Depths:2: hangedman_slaughterboxes, pan_entry, hell_entry, uniq_nikola
Depths:3: minmay_chopped_fan, layout_gridlike, serial_shops,
          nicolae_shop_window_shopping, hell_entry,
          abyss_entry_small_statue_room, uniq_grunn, uniq_mara
Depths:4: evilmike_zot_entry_hall, layout_gridville, pan_entry, hell_entry,
          nicolae_vehumet_altar_sigil, minmay_shop_star
Zot:1:    gammafunk_mikee_crab_dinner, layout_basic,
          hangedman_zot_decor_unnerving_road
Zot:2:    layout_gridlike
Zot:3:    layout_misc_corridors, hellmonk_ghost_big_iron,
          hangedman_zot_decor_tridents, grunt_ministairs_15, uniq_parghit
Zot:4:    kennysheep_blocky_room, layout_basic, hangedman_swamp_dais,
          uniq_josephina
Zot:5:    layout_gridlike, st_stairs_13, skrybe_zot_glass_1

Skill      XL: |  1  2  3  4  5  6  7  8  9 10 11 12 13 14 15 16 17 18 19 20 21 22 23 24 25 26 27 |
---------------+----------------------------------------------------------------------------------+-----
Ranged Weapons | 6 7 8 10 12 16 18 19 23 26 | 26.0
Invocations    | 2 4 9 11 14 | 14.8
Dodging        | 4 6 7 9 10 13 14 15 16 17 20 | 20.5
Fighting       | 3 4 6 8 12 13 16 | 16.8
Translocations | 4 7 |  7.6
Spellcasting   | 2 3 4 8 |  8.7
Transmutations | 2 |  2.7
Earth Magic    | 2 |  2.7
Evocations     | 8 11 12 | 12.9
Armour         | 2 3 5 7 11 | 11.0
Shields        | 4 5 6 8 |  8.3
Ice Magic      | 12 14 | 14.0
Stealth        | 7 14 16 19 | 19.1
Necromancy     | 10 16 | 16.3
Conjurations   | 4 |  4.0
Air Magic      | 4 |  4.0

Action                   |  1- 3 |  4- 6 |  7- 9 | 10-12 | 13-15 | 16-18 | 19-21 | 22-24 | 25-27 || total
-------------------------+-------+-------+-------+-------+-------+-------+-------+-------+-------++-------
 Fire: Shortbow          |    67 |   145 |    16 |       |       |       |       |       |       ||   228
       Arbalest          |       |       |   203 |   320 |   446 |       |       |       |       ||   969
       Hand crossbow     |       |       |       |       |   199 |   771 |   746 |       |       ||  1716
       Triple crossbow   |       |       |       |       |       |       |   135 |   858 |   585 ||  1578
       Heavy crossbow    |       |       |       |       |       |       |    35 |     7 |    51 ||    93
 Cast: Blink             |       |       |       |     1 |       |     5 |       |       |     5 ||    11
       Ozocubu's Armour  |       |       |       |       |     5 |    13 |    12 |     3 |     5 ||    38
       Ozocubu's Refrige |       |       |       |       |       |    42 |    44 |     7 |     4 ||    97
       Passage of Golubr |       |       |       |       |       |       |     2 |     1 |     2 ||     5
       Simulacrum        |       |       |       |       |       |       |       |       |     6 ||     6
       Passwall          |       |       |       |       |       |       |       |       |    32 ||    32
       Freezing Cloud    |       |       |       |       |       |       |       |       |     1 ||     1
Invok: Bend Time         |       |       |     1 |     1 |     3 |     4 |       |       |       ||     9
       Slouch            |       |       |       |    10 |     3 |    10 |    11 |     9 |     4 ||    47
       Step From Time    |       |       |       |       |       |       |       |     1 |       ||     1
Evoke: Wand              |       |       |       |     2 |       |       |       |     1 |       ||     3
       Box of beasts     |       |       |       |     1 |       |     1 |       |       |     1 ||     3
       Condenser vane    |       |       |       |       |       |     2 |       |     2 |     1 ||     5
       Phantom mirror    |       |       |       |       |       |       |       |       |     1 ||     1
  Use: Scroll            |       |       |     9 |    19 |    11 |     8 |     5 |     9 |    12 ||    73
       Potion            |       |       |     1 |     3 |       |       |     2 |     2 |     5 ||    13
Armor: Leather armour    |    14 |    13 |    24 |     5 |       |       |       |       |       ||    56
       Steam dragon scal |       |       |       |    21 |    66 |    51 |    53 |    46 |    61 ||   298
       Scale mail        |       |       |       |       |       |       |       |    47 |     5 ||    52
Dodge: Dodged            |    38 |    62 |   156 |   220 |   516 |   451 |   589 |   865 |   723 ||  3620
Block: Other             |       |       |       |    35 |       |       |       |       |       ||    35
       Reflection        |       |       |       |     3 |       |       |       |       |       ||     3
       Buckler           |       |       |       |       |    85 |   234 |   226 |       |       ||   545

Table legend: (Time is in decaauts)
 A = Elapsed time spent in this place.
 B = Non-inter-level travel time spent in this place.
 C = Inter-level travel time spent in this place.
 D = Time resting spent in this place.
 E = Time spent auto-exploring this place.
 F = Levels seen in this place.
 G = Mean time per level.
                   A        B        C        D        E       F      G
               +--------+--------+--------+--------+--------+-----+--------+
         Total |  83262 |  76321 |   6941 |   2784 |  61585 |  52 | 1601.2 |
       Dungeon |  24756 |  21356 |   3400 |   1252 |  17440 |  15 | 1650.4 |
          Lair |  10830 |   9879 |    951 |      3 |   8654 |   5 | 2166.0 |
        Shoals |   8382 |   7975 |    407 |    501 |   6191 |   4 | 2095.5 |
     Snake Pit |   7233 |   6907 |    326 |    253 |   5792 |   4 | 1808.2 |
  Orcish Mines |   2272 |   2076 |    196 |      0 |   1805 |   2 | 1136.0 |
   Elven Halls |   5059 |   4841 |    218 |     61 |   4031 |   3 | 1686.3 |
        Vaults |  12841 |  12089 |    752 |    221 |  10143 |   5 | 2568.2 |
        Depths |   8292 |   7604 |    688 |    123 |   6220 |   4 | 2073.0 |
           Zot |    580 |    580 |      0 |     74 |     42 |   5 |  116.0 |
        Bazaar |     53 |     53 |      0 |      0 |     42 |   1 |   53.0 |
       Ossuary |    298 |    298 |      0 |      0 |     34 |   1 |  298.0 |
      Ice Cave |    851 |    851 |      0 |     28 |    509 |   1 |  851.0 |
        Wizlab |    956 |    956 |      0 |     46 |    280 |   1 |  956.0 |
      Gauntlet |    854 |    854 |      0 |    222 |    396 |   1 |  854.0 |
               +--------+--------+--------+--------+--------+-----+--------+

Top non-repeatable levels by time:
    D:10: 3246 daAuts
Vaults:2: 2876 daAuts
Vaults:5: 2856 daAuts
Vaults:3: 2778 daAuts
  Lair:1: 2626 daAuts
Shoals:2: 2592 daAuts
  Lair:5: 2578 daAuts
   Elf:1: 2519 daAuts
 Snake:4: 2422 daAuts
Vaults:1: 2352 daAuts
Depths:2: 2317 daAuts
Depths:4: 2306 daAuts
     D:9: 2294 daAuts
    D:13: 2191 daAuts
     D:8: 2035 daAuts
